 Dungeon Sprint DCSS version 0.20-a0-700-gbd4582c (webtiles) character file.

8876 Kidiri the Eclecticist (level 11, -25/68 HPs)
             Began as a Deep Elf Fire Elementalist on Feb 20, 2017.
             Was the Champion of Vehumet.
             Killed from afar by a lindwurm (36 damage)
             ... with a blast of flame
             ... in the Dungeon (Sprint III: "The Ten Rune Challenge").
             The game lasted 00:14:19 (2531 turns).

Kidiri the Eclecticist (Deep Elf Fire Elementalist) Turns: 2531, Time: 00:14:19

Health: -25/68     AC:  7    Str:  5    XL:     11   Next: 15%
Magic:  26/33      EV: 20    Int: 24    God:    Vehumet [******]
Gold:   29         SH:  0    Dex: 17    Spells: 11/42 levels left

rFire    . . .     SeeInvis .   u - +0 dagger
rCold    . . .     Gourm    .   j - +2 robe {MR+}
rNeg     . . .     Faith    .   (no shield)
rPois    .         Spirit   .   (no helmet)
rElec    .         Reflect  .   (no cloak)
rCorr    .         Harm     .   (no gloves)
MR       ++...     NoTele   +   (no boots)
Stlth    +++.......             (no amulet)
Regen    0.3/turn               (no ring)
MPRegen  0.3/turn               (no ring)

@: no status effects
A: icy blue scales 1, thin skeletal structure 1, shaggy fur 1
a: Renounce Religion


You were in the Dungeon.
You worshipped Vehumet.
Vehumet was exalted by your worship.
You were not hungry.

You visited 1 branch You collected 29 gold pieces.

Inventory:

Hand Weapons
 u - a +0 dagger (weapon)
Armour
 j - a +2 robe of magic resistance (worn)
Scrolls
 i - a scroll of blinking
 l - 2 scrolls of torment {unknown}
 n - a scroll of remove curse {unknown}
 q - a scroll of enchant armour {unknown}
Potions
 b - a potion of might
 f - a potion of haste
 g - 3 potions of magic
 h - 2 potions of berserk rage
 k - a potion of invisibility
 p - a potion of lignification
 s - a potion of flight
 t - 2 potions of mutation
Comestibles
 a - 22 royal jellies
 c - a bread ration
 r - a meat ration


   Skills:
 + Level 7.8 Fighting
 + Level 8.6 Short Blades
 + Level 7.6 Armour
 + Level 10.9 Dodging
 - Level 2.4 Stealth
 * Level 16.3 Spellcasting
 + Level 10.3 Conjurations
 + Level 10.5 Fire Magic
 + Level 7.6 Ice Magic
 + Level 4.8 Air Magic
 + Level 6.4 Poison Magic


You had 11 spell levels left.
You knew the following spells:

 Your Spells              Type           Power        Failure   Level  Hunger
a - Flame Tongue          Conj/Fire      #####        1%          1    None
b - Throw Flame           Conj/Fire      ######       1%          2    None
c - Conjure Flame         Conj/Fire      ######..     1%          3    None
d - Inner Flame           Hex/Fire       #####...     1%          3    None
e - Ignite Poison         Fire/Tmut/Pois #####...     1%          3    None
f - Sticky Flame          Conj/Fire      ######..     1%          4    None
g - Fireball              Conj/Fire      ######....   1%          5    #......
h - Freeze                Ice            ####         1%          1    None
i - Static Discharge      Conj/Air       ######..     1%          3    None
j - Olgreb's Toxic Radia  Pois           ######..     1%          4    None
k - Searing Ray           Conj           ######       1%          2    None


Dungeon Overview and Level Annotations

Branches:
Dungeon (1/1)

Altars:
Cheibriados
Dithmenos
Elyvilon
Fedhas
Gozag
Hepliaklqana
Kikubaaqudgha
Makhleb
Nemelex Xobeh
Okawaru
Qazlal
Ru
Sif Muna
Trog
Uskayaw
Vehumet
Xom
Yredelemnul
Zin
The Shining One
Beogh
Jiyva
Lugonu

Annotations:
D exclusion: door


Innate Abilities, Weirdness & Mutations

You are partially covered in icy blue scales. (AC +2)
You have a somewhat thin skeletal structure. (Dex +2, Stealth)
You are covered in fur. (AC +1)


Message History

* * * LOW HITPOINT WARNING * * *
A redback comes into view.
Casting: Freeze
Confirm with . or Enter, or press ? or * to list all spells.
Aiming: Freeze
Press: ? - help, Shift-Dir - straight line, f/p - lindwurm
Aim: a lindwurm (severely wounded, poisoned, catching its breath)
You freeze the lindwurm.
The lindwurm is severely wounded.
The redback is poisoned.
The lindwurm completely misses you. The lindwurm claws you.
* * * LOW HITPOINT WARNING * * *
The lindwurm completely misses you.
Unknown command.
You feel better.
The redback looks even sicker.
Your toxic aura wanes.
The lindwurm breathes flames at you. The blast of flame hits you!
Ouch! That really hurt!
You die...

+♣♣'♣≈≈≈≈≈≈≈≈≈≈≈≈♣♣P.'
#.≈♣♣♣♣♣♣♣♣♣♣♣♣♣♣♣♣PP#
#..♣♣ ♣♣♣# ###'♣ #
♣♣♣♣%# # ♣...## #
♣♣.##s # ♣..#k##
♣♣.##@# ♣♣.##.#
♣.....# #######


You could see a lindwurm and a redback.

Vanquished Creatures
  Harold (D)
  A centaur warrior (D)
  Erica (D)
  An unseen horror (D)
  Joseph (D)
  A deep elf mage (D)
  A komodo dragon (D)
  2 spiny frogs (D)
  A queen bee (D)
  3 wandering mushrooms (D)
  2 tyrant leeches (D)
  A shadow (D)
  A redback (D)
  A spatial vortex (D)
  A necrophage (D)
  2 centaurs (D)
  An earth elemental (D)
  A water elemental (D)
  32 killer bees (D)
  A jelly (D)
  A wizard (D)
  A necromancer (D)
  3 humans (D)
  A kobold demonologist (D)
  2 oozes (D)
  A phantom (D)
  2 rats (D)
67 creatures vanquished.

Vanquished Creatures (others)
  2 draconian scorchers (D)
  6 hellions (D)
  A yaktaur (D)
9 creatures vanquished.

Grand Total: 76 creatures vanquished

Notes
Turn   | Place    | Note
-------+----------+-------------------------------------------
     0 | D        | Kidiri the Deep Elf Fire Elementalist began the quest for the Orb.
     0 | D        | Reached XP level 1. HP: 10/10 MP: 6/6
    44 | D        | Reached skill level 1 in Fighting
    44 | D        | Reached skill level 1 in Armour
    44 | D        | Reached skill level 4 in Spellcasting
    44 | D        | Reached XP level 2. HP: 16/16 MP: 7/9
    61 | D        | Killed a yaktaur
    66 | D        | Learned a level 2 spell: Throw Flame
    79 | D        | Killed a hellion
    89 | D        | Killed a hellion
    89 | D        | Killed a hellion
   111 | D        | Reached skill level 5 in Spellcasting
   111 | D        | Reached XP level 3. HP: 17/20 MP: 2/11
   116 | D        | Learned a level 3 spell: Conjure Flame
   120 | D        | Learned a level 3 spell: Inner Flame
   137 | D        | Killed a hellion
   138 | D        | Killed a hellion
   204 | D        | Killed a hellion
   207 | D        | Killed a white draconian scorcher
   212 | D        | Gained mutation: You are dopey. (Int -2) [potion of mutation]
   212 | D        | Gained mutation: You have a pair of small horns on your head. [potion of mutation]
   212 | D        | Gained mutation: You have a somewhat thin skeletal structure. (Dex +2, Stealth) [potion of mutation]
   212 | D        | Gained mutation: You have a pair of horns on your head. [potion of mutation]
   213 | D        | Lost mutation: You have a pair of horns on your head. [potion of mutation]
   213 | D        | Lost mutation: You have a pair of small horns on your head. [potion of mutation]
   213 | D        | Lost mutation: You are dopey. (Int -2) [potion of mutation]
   213 | D        | Gained mutation: You are partially covered in icy blue scales. (AC +2) [potion of mutation]
   213 | D        | Gained mutation: You are covered in fur. (AC +1) [potion of mutation]
   239 | D        | Noticed a water elemental
   241 | D        | Killed a water elemental
   241 | D        | Reached skill level 6 in Spellcasting
   241 | D        | Reached skill level 5 in Fire Magic
   241 | D        | Reached XP level 4. HP: 27/27 MP: 6/14
   247 | D        | Learned a level 4 spell: Sticky Flame
   247 | D        | Killed a white draconian scorcher
   306 | D        | Found a radiant altar of Vehumet.
   307 | D        | Found a deep blue altar of Sif Muna.
   307 | D        | Found an ancient bone altar of Kikubaaqudgha.
   307 | D        | Noticed a wizard
   309 | D        | Killed a wizard
   309 | D        | Reached skill level 7 in Spellcasting
   319 | D        | Became a worshipper of Vehumet
   372 | D        | Found a glowing silver altar of Zin.
   373 | D        | Found a glowing golden altar of the Shining One.
   373 | D        | Found a white marble altar of Elyvilon.
   373 | D        | Noticed a deep elf mage
   381 | D        | Killed a deep elf mage
   381 | D        | Reached skill level 10 in Spellcasting
   381 | D        | Reached skill level 5 in Conjurations
   381 | D        | Reached XP level 5. HP: 16/34 MP: 2/20
   381 | D        | Reached XP level 6. HP: 18/39 MP: 2/21
   381 | D        | Reached XP level 7. HP: 20/44 MP: 2/23
   388 | D        | Learned a level 5 spell: Fireball
   549 | D        | Found a hide-covered altar of Uskayaw.
   549 | D        | Found a roughly hewn altar of Beogh.
   549 | D        | Found an iron altar of Okawaru.
   549 | D        | Found a bloodstained altar of Trog.
   549 | D        | Noticed a human
   553 | D        | Noticed a human
   553 | D        | Killed a human
   553 | D        | Reached skill level 11 in Spellcasting
   558 | D        | Killed a human
   558 | D        | Reached * piety under Vehumet
   558 | D        | Offered knowledge of Freeze by Vehumet.
   561 | D        | Learned a level 1 spell: Freeze
   658 | D        | Found a basalt altar of Yredelemnul.
   658 | D        | Found a shadowy altar of Dithmenos.
   658 | D        | Found a sacrificial altar of Ru.
   664 | D        | Reached skill level 5 in Fighting
   667 | D        | Reached skill level 5 in Armour
   667 | D        | Reached skill level 1 in Ice Magic
   806 | D        | Offered knowledge of Searing Ray by Vehumet.
   806 | D        | Reached ** piety under Vehumet
   809 | D        | Noticed a shadow
   811 | D        | Killed a shadow
   811 | D        | Reached skill level 5 in Short Blades
   811 | D        | Reached skill level 12 in Spellcasting
   811 | D        | Reached XP level 8. HP: 49/49 MP: 20/26
   815 | D        | Learned a level 2 spell: Searing Ray
   848 | D        | Found a blossoming altar of Fedhas.
   848 | D        | Found a stormy altar of Qazlal.
   849 | D        | Found a snail-covered altar of Cheibriados.
   849 | D        | Found a burning altar of Makhleb.
   849 | D        | Found a hazy altar of Hepliaklqana.
   849 | D        | Found a shimmering altar of Xom.
   849 | D        | Found an opulent altar of Gozag.
   849 | D        | Found a sparkling altar of Nemelex Xobeh.
   849 | D        | Found a corrupted altar of Lugonu.
   849 | D        | Found a viscous altar of Jiyva.
   952 | D        | Noticed Erica
   965 | D        | Killed Erica
   965 | D        | Offered knowledge of Ignite Poison by Vehumet.
   965 | D        | Reached skill level 13 in Spellcasting
   970 | D        | Learned a level 3 spell: Ignite Poison
  1113 | D        | Reached *** piety under Vehumet
  1160 | D        | Noticed a centaur warrior
  1161 | D        | Offered knowledge of Static Discharge by Vehumet.
  1161 | D        | Reached skill level 1 in Poison Magic
  1161 | D        | Reached XP level 9. HP: 55/55 MP: 24/28
  1166 | D        | Killed a centaur warrior
  1166 | D        | Reached skill level 5 in Ice Magic
  1179 | D        | Learned a level 3 spell: Static Discharge
  1414 | D        | Noticed an unseen horror
  1432 | D        | Killed an unseen horror
  1432 | D        | Reached **** piety under Vehumet
  1432 | D        | Offered knowledge of Olgreb's Toxic Radiance by Vehumet.
  1432 | D        | Reached skill level 14 in Spellcasting
  1432 | D        | Reached skill level 1 in Air Magic
  1438 | D        | Learned a level 4 spell: Olgreb's Toxic Radiance
  1708 | D        | Noticed Harold
  1708 | D        | Noticed Joseph
  1714 | D        | Killed Harold
  1714 | D        | Reached skill level 10 in Dodging
  1714 | D        | Reached XP level 10. HP: 63/63 MP: 17/30
  1719 | D        | Killed Joseph
  1719 | D        | Reached skill level 15 in Spellcasting
  1719 | D        | Reached skill level 10 in Fire Magic
  1865 | D        | Reached skill level 5 in Poison Magic
  1865 | D        | Reached ***** piety under Vehumet
  1865 | D        | Offered knowledge of Iskenderun's Battlesphere by Vehumet.
  1868 | D        | Reached ****** piety under Vehumet
  2057 | D        | Offered knowledge of Force Lance by Vehumet.
  2096 | D        | Reached skill level 10 in Conjurations
  2104 | D        | Reached skill level 16 in Spellcasting
  2150 | D        | Noticed a spiny frog
  2150 | D        | Noticed a spiny frog
  2155 | D        | Reached XP level 11. HP: 57/68 MP: 15/33
  2521 | D        | Noticed a lindwurm
  2530 | D        | HP: 3/68 [lindwurm (5)]
  2531 | D        | Killed from afar by a lindwurm

Vault maps used:
D:        dungeon_sprint_mu

Skill      XL: |  1  2  3  4  5  6  7  8  9 10 |
---------------+-------------------------------+-----
Fighting       | 1 2 4 5 7 |  7.8
Armour         | 1 2 4 5 6 7 |  7.6
Dodging        | 3 4 6 7 8 10 | 10.9
Spellcasting   | 4 5 6 10 12 13 14 16 | 16.3
Conjurations   | 2 3 5 7 9 10 | 10.3
Fire Magic     | 4 5 7 8 9 10 | 10.5
Short Blades   | 3 5 6 7 8 |  8.6
Ice Magic      | 2 4 6 7 |  7.6
Poison Magic   | 1 4 6 |  6.4
Air Magic      | 3 4 |  4.8
Stealth        | |  2.4

Action                   |  1- 3 |  4- 6 |  7- 9 | 10-12 || total
-------------------------+-------+-------+-------+-------++-------
Melee: Dagger            |       |     1 |       |     1 ||     2
 Cast: Flame Tongue      |    15 |     2 |    38 |    43 ||    98
       Throw Flame       |     2 |       |     1 |       ||     3
       Conjure Flame     |     1 |       |     4 |     2 ||     7
       Sticky Flame      |       |     4 |     8 |     5 ||    17
       Fireball          |       |       |     4 |       ||     4
       Searing Ray       |       |       |     6 |     5 ||    11
       Ignite Poison     |       |       |     3 |     7 ||    10
       Olgreb's Toxic Ra |       |       |     1 |     4 ||     5
       Static Discharge  |       |       |       |     1 ||     1
       Freeze            |       |       |       |     5 ||     5
  Use: Potion            |     2 |       |     1 |     2 ||     5
       Scroll            |       |       |     3 |       ||     3
 Stab: Sleeping          |       |     1 |       |     1 ||     2
  Eat: Chunk             |       |       |     2 |       ||     2
       Royal jelly       |       |       |     1 |       ||     1
       Fruit             |       |       |       |     2 ||     2
Armor: Robe              |       |     1 |     5 |     5 ||    11
Dodge: Dodged            |     1 |       |    18 |    39 ||    58
